AoeStats
← _vishi_

African Clearing

510304334Analyzed
3v3 RM · 23h ago on Sep 30, 2026· 53m 22s· 6 players
Game mode
Random Map
Map size
Normal (6 player)
Population
200
Speed
Normal
Resources
Standard
Victory
Conquest
Starting age
Dark Age
Ending age
Imperial Age
RankedLock teamsTeams togetherTeam positionsShared explorationLock speedFull tech treeHidden civsTurbo modeCheats
Victory
Defeat
🇮🇳 Turks · India
1375
+12
🇹🇼 Berbers · Taiwan
1319
+14
🇪🇸 Koreans · Spain
1285
+16
🇦🇷 Spanish · Argentina
1420
-19
🇦🇷 Mongols · Argentina
1285
-14
🇧🇩 Vietnamese · Bangladesh
1138
-9
_vishi_
7:42 Loom
12:43 Feudal Age
16:43 Castle Age
14:45 Double-Bit Axe
17:27 Wheelbarrow
21:40 Horse Collar
24:38 Bow Saw
28:40 Fletching
35:15 Imperial Age
33:42 Masonry
37:48 Hand Cart
39:32 Padded Archer Armor
41:53 Two-Man Saw
47:34 Gold Mining
47:38 Stone Mining
49:33 Heavy Plow
50:51 Gold Shaft Mining
53:57 Scale Barding Armor
54:03 Forging
IAMDAGG
13:15 Feudal Age
12:39 Loom
14:42 Double-Bit Axe
15:26 Horse Collar
20:41 Bloodlines
22:36 Castle Age
26:29 Heavy Plow
28:28 Bow Saw
31:42 Imperial Age
30:34 Gold Mining
31:15 Bloodlines
31:05 Husbandry
31:13 Scale Barding Armor
31:17 Stone Mining
32:30 Wheelbarrow
31:43 Town Watch
33:21 Chain Barding Armor
34:28 Hand Cart
34:53 Heavy Camel Rider
36:12 Plate Barding Armor
39:04 Forging
40:24 Iron Casting
41:17 Conscription
43:20 Crop Rotation
46:02 Blast Furnace
48:22 Gold Shaft Mining
48:31 Stone Shaft Mining
48:51 Town Patrol
52:30 Maghrebi Camels
Cantipedro
6:30 Loom
12:48 Feudal Age
13:46 Feudal Age
18:47 Castle Age
29:03 Double-Bit Axe
29:47 Fletching
34:39 Town Watch
38:36 Imperial Age
40:04 Conscription
40:35 Bodkin Arrow
42:04 Wheelbarrow
43:08 Eupseong
45:28 Hand Cart
45:05 Horse Collar
48:42 Bracer
48:43 Elite War Wagon
50:57 Forging
50:53 Scale Barding Armor
52:25 Chemistry
51:46 Ballistics
52:54 Iron Casting
53:33 Chain Barding Armor
titumir
5:51 Loom
13:22 Feudal Age
17:15 Castle Age
19:22 Double-Bit Axe
20:01 Horse Collar
24:09 Gold Mining
24:35 Padded Archer Armor
26:52 Bloodlines
27:09 Husbandry
28:08 Leather Archer Armor
32:17 Fletching
34:09 Wheelbarrow
42:57 Imperial Age
40:31 Heavy Plow
42:10 Bow Saw
43:01 Elite Conquistador
44:16 Conscription
44:59 Ring Archer Armor
45:24 Hand Cart
48:18 Elite Skirmisher
49:03 Thumb Ring
48:55 Bodkin Arrow
49:24 Imperial Skirmisher
50:27 Bracer
51:00 Ballistics
51:40 Chemistry
AoBD | rafisaad
6:26 Loom
13:20 Feudal Age
20:27 Castle Age
23:22 Double-Bit Axe
24:51 Forging
28:01 Scale Mail Armor
29:15 Wheelbarrow
32:33 Horse Collar
33:29 Fletching
33:39 Padded Archer Armor
34:45 Bodkin Arrow
37:49 Leather Archer Armor
39:15 Hand Cart
41:50 Hand Cart
42:21 Chain Mail Armor
42:42 Iron Casting
O P T I M U S
11:15 Loom
13:35 Feudal Age
18:39 Castle Age
17:11 Double-Bit Axe
20:21 Fletching
26:51 Bow Saw
28:03 Bodkin Arrow
29:57 Wheelbarrow
29:08 Town Watch
30:57 Ballistics
32:31 Padded Archer Armor
34:09 Leather Archer Armor
34:51 Hand Cart
39:20 Husbandry
39:30 Bloodlines
42:27 Imperial Age
42:17 Thumb Ring
41:52 Elite Skirmisher
43:14 Bracer
44:29 Chemistry
44:34 Conscription
45:00 Imperial Skirmisher
46:19 Elite Mangudai
Connection lost

Rejoining the realm…

Still unreachable

The connection could not be restored.

Session expired

The server has moved on; the page needs a fresh start.